 Dungeon Crawl Stone Soup version 0.25.0-26-g0c896c7088 (webtiles) character file.

Game seed: 13564674817658614927

55 MisterFreud the Insei (level 3, 0/29 HPs)
             Began as a Demonspawn Abyssal Knight on July 4, 2020.
             Was a Believer of Lugonu.
             Slain by a worm (8 damage)
             ... on level 2 of the Dungeon.
             The game lasted 00:03:05 (1655 turns).

MisterFreud the Insei (Demonspawn Abyssal Knight)   Turns: 1655, Time: 00:03:05

Health: 0/29       AC:  3    Str: 12    XL:     3   Next: 67%
Magic:  4/4        EV: 11    Int: 14    God:    Lugonu [**....]
Gold:   0          SH:  0    Dex: 12    Spells: 2/2 levels left

rFire    . . .     SeeInvis .     - Unarmed
rCold    . . .     Gourm    .   (no shield)
rNeg     . . .     Faith    .   a - +0 leather armour
rPois    .         Spirit   .   (no helmet)
rElec    .         Reflect  .   (no cloak)
rCorr    .         Harm     .   (no gloves)
MR       .....                  (no boots)
Stlth    +.........             (no amulet)
HPRegen  0.09/turn              (no ring)
MPRegen  0.09/turn              (no ring)

@: slowed, very slow
A: powered by death 2
a: Depart the Abyss, Bend Space, Renounce Religion


You were on level 2 of the Dungeon.
You worshipped Lugonu.
Lugonu was pleased with you.
You were not hungry.

You visited 1 branch of the dungeon, and saw 2 of its levels.
You visited the Abyss 1 time.

Inventory:

Armour
 a - a +0 leather armour (worn)
Scrolls
 c - a scroll of fear {unknown}
 d - 2 scrolls of identify {unknown}
Comestibles
 b - a ration


   Skills:
 - Level 3.0 Fighting
 - Level 1.7 Armour
 - Level 0.8 Dodging
 + Level 3.7 Unarmed Combat
 - Level 2.4 Invocations


You had 2 spell levels left.
You didn't know any spells.
Your spell library was empty.

Dungeon Overview and Level Annotations

Branches:
Dungeon (2/15)

Altars:
Nemelex Xobeh

Annotations:
D:2 Jessica, Sigmund


Innate Abilities, Weirdness & Mutations

You regenerate health from kills.


Message History

You hit the worm.
The worm is lightly wounded.
You hit the worm.
The worm is moderately wounded.
Jessica shouts, "You are a ghastly nuisance!"
Jessica gestures wildly while chanting.
Jessica blinks!
The worm barely misses you.
You hit the worm.
The worm is heavily wounded.
Jessica hits you but does no damage. x2; The worm bites you.
You hit the worm.
The worm is severely wounded.
Jessica points at you and mumbles some strange words.
You feel yourself slow down.
You barely miss the worm.
The worm is severely wounded.
Jessica hits you.
* * * LOW HITPOINT WARNING * * *
Jessica closely misses you. The worm bites you!
You die...

#.# #w# #.# #.#
#######.###w#
............#
######.##### #.####
#....# ####.########
#########
#..ยง.w@@.######........
########........#######
##########


You could see a worm and Jessica (fast).

Vanquished Creatures
  3 oozes
  A dart slug (D:1)
  3 leopard geckos (D:1)
  2 giant cockroaches
  7 goblins
  3 hobgoblins (D:1)
  2 jackals (D:1)
  3 kobolds
  6 bats
  A frilled lizard (D:1)
  5 rats (D:1)
36 creatures vanquished.

Notes
Turn   | Place    | Note
-------+----------+-------------------------------------------
     0 | Abyss:1  | MisterFreud the Demonspawn Abyssal Knight began the quest
                  | for the Orb.
     0 | Abyss:1  | Reached XP level 1. HP: 18/18 MP: 2/2
     4 | D:1      | Escaped the Abyss
   169 | D:1      | Gained mutation: You regenerate a little health from kills.
                  | [demonic ancestry]
   169 | D:1      | Reached XP level 2. HP: 22/24 MP: 3/3
   360 | D:1      | Reached ** piety under Lugonu
   758 | D:1      | Gained mutation: You regenerate health from kills. [demonic
                  | ancestry]
   758 | D:1      | Reached XP level 3. HP: 16/29 MP: 4/4
  1372 | D:2      | Noticed Sigmund
  1493 | D:2      | Found a sparkling altar of Nemelex Xobeh.
  1622 | D:2      | Noticed Jessica
  1655 | D:2      | Slain by a worm

Illustrated notes

Levels and vault maps discovered:
D:1:      roderic_crossed_star, layout_basic
D:2:      layout_loops_ring, nemelex_xobeh_ov_fountains_minmay,
          dk_noncrumbling_3, minivault_26, uniq_crazy_yiuf_cottage,
          uniq_jessica, uniq_sigmund

Skill      XL: |  1  2 |
---------------+-------+-----
Unarmed Combat | 2 3 |  3.7
Fighting       | |  3.0
Armour         | |  1.7
Dodging        | |  0.8
Invocations    | |  2.4

Action                   || total
-------------------------++-------
Melee: Unarmed           ||   204
       Punch             ||     1
 Stab: Sleeping          ||     1
  Eat: Chunk             ||     3
Armor: Leather armour    ||    59
Dodge: Dodged            ||   112
